 Dungeon Crawl Stone Soup version 0.27-a0-1322-gfdffb62a71 (webtiles) character file.

Game seed: 13912453835013626234

1154 sanka the Insei (level 8, -1/57 HPs)
             Began as an Octopode Monk on June 22, 2021.
             Slain by a phantom (7 damage)
             ... on level 6 of the Dungeon.
             The game lasted 00:10:19 (5775 turns).

sanka the Insei (Octopode Monk)                     Turns: 5775, Time: 00:10:20

Health: -1/57      AC:  1    Str: 10    XL:     8   Next: 38%
Magic:  8/8        EV: 16    Int: 12    God:
Gold:   196        SH:  0    Dex: 17    Spells: 7/7 levels left

rFire    . . .     SeeInvis .     - Unarmed
rCold    . . .     Faith    .   (no shield)
rNeg     . . .     Spirit   .   (helmet restricted)
rPois    .         Reflect  .   (no amulet)
rElec    .         Harm     .   (no ring)
rCorr    .         Rampage  .   (no ring)
Will     .....                  (no ring)
Stlth    +++.......             (no ring)
HPRegen  0.19/turn              (no ring)
MPRegen  0.11/turn              (no ring)
                                (no ring)
                                (no ring)

@: no status effects
A: almost no armour, amphibious, 8 rings, camouflage 1, gelatinous body 1,
(nimble swimmer 1), tentacles
a: no special abilities


You were on level 6 of the Dungeon.
You visited 1 branch of the dungeon, and saw 6 of its levels.
You also visited: Sewer.

You collected 196 gold pieces.


Innate Abilities, Weirdness & Mutations

You cannot wear most types of armour.
You are amphibious.
You can wear up to eight rings at the same time.
Your skin changes colour to match your surroundings (Stealth+).
Your rubbery body absorbs attacks. (AC +1, EV +1)
((You are camouflaged near water. (Stealth+)))
You have tentacles for arms and can constrict up to eight enemies at once.


   Skills:
 + Level 5.6 Fighting
 + Level 5.7 Dodging
 - Level 2.6 Stealth
 * Level 7.5 Unarmed Combat


You had 7 spell levels left.
You didn't know any spells.
Your spell library was empty.

Inventory:

Armour
 p - a +0 buckler
Wands
 e - a wand of acid (4)
Scrolls
 a - a scroll of fear
 b - 4 scrolls of noise {!r}
 c - a scroll of enchant armour {unknown}
 f - a scroll of acquirement
 g - 2 scrolls of amnesia
 l - a scroll of magic mapping {unknown}
 o - a scroll of silence {!r}
Potions
 d - a potion of curing {@q1}
 h - 3 potions of lignification {unknown}
 i - 2 potions of degeneration {unknown}
 j - a potion of cancellation {unknown}
 k - a potion of invisibility {unknown}
 m - a potion of haste {unknown}
 n - a potion of attraction {unknown}

Dungeon Overview and Level Annotations

Branches:
Dungeon (6/15)              Sewer (visited)
 Temple: D:4-7

Altars:

Annotations:
D:2 Sigmund
D:5 Menkaure

..▒.▒▒...▒▒▒▒▒▒▒▒▒#.▒▒▒
.........▒ ▒......▒▒
..▒▒▒▒...▒ ▒.......▒ ▒.
..... ▒....▒..▒ ▒
▒▒▒.▒▒▒.▒▒▒▒.▒ ▒.▒
▒......▒▒▒ ▒.▒
▒.........
▒▒▒▒W▒▒▒..▒▒▒▒▒▒▒ ♣
▒...x........▒ ♣♣
▒.[..▒▒▒▒.>▒.▒ .♣♣
▒............▒ ..♣
▒.▒..▒▒▒▒..▒▒▒ .♣.♣
▒....▒▒▒▒..▒ ♣♣
▒▒........▒▒
▒▒..▒▒▒▒▒▒▒
▒▒▒▒▒▒▒▒▒▒▒▒▒.[.▒▒▒▒▒▒
...........▒.▒.......▒


You could see a phantom.


Message History

The orc hits you with a +0 club.
* * * LOW HITPOINT WARNING * * *
A phantom comes into view.
You tentacle-slap the orc.
You kill the orc!
The phantom closely misses you.
Things that are here:
a +1 flail of protection; a +0 ring mail; the human corpse of Edmund You closely miss the phantom.
You tentacle-slap the phantom.
Your tentacle-slap misses the phantom.
Your squeeze misses the phantom.
The phantom is lightly damaged.
The phantom hits you.
* * * LOW HITPOINT WARNING * * *
You tentacle-slap the phantom.
The phantom is moderately damaged.
The phantom hits you!
* * * LOW HITPOINT WARNING * * *
The phantom blinks!
You blink.
You tentacle-slap the phantom. You squeeze the phantom.
The phantom is severely damaged.
The phantom hits you.
* * * LOW HITPOINT WARNING * * *
You tentacle-slap the phantom but do no damage.
The phantom is severely damaged.
The phantom hits you!
You die...

Action                   |  1- 3 |  4- 6 |  7- 9 || total
-------------------------+-------+-------+-------++-------
Melee: Unarmed           |    47 |   114 |    75 ||   236
       Constrict         |    11 |    26 |    12 ||    49
       Tentacles         |    11 |    35 |    22 ||    68
       Punch             |     2 |     5 |     2 ||     9
Evoke: Wand              |       |     2 |     4 ||     6
  Use: Scroll            |       |     3 |     2 ||     5
       Potion            |       |       |     2 ||     2
 Stab: Sleeping          |     5 |    14 |     4 ||    23
Armor: Skin              |     3 |     5 |       ||     8
Dodge: Dodged            |    39 |    70 |    45 ||   154

Levels and vault maps discovered:
D:1:      zaba_arrival_water, layout_rooms
D:2:      layout_loops_ring, basic_ecumenical_altar,
          chequers_serial_rivers_micro_b, uniq_sigmund, uniq_natasha
D:3:      layout_rooms, dk_noncrumbling_4
D:4:      layout_rooms, serial_glass, glass_columns_a, glass_columns_b,
          minmay_quantized
D:5:      layout_gridville, overflow_temple_1_default, gup_sewer_entry_spiral,
          uniq_menkaure
D:6:      layout_basic, uniq_crazy_yiuf_cottage, uniq_edmund

Notes
Turn   | Place    | Note
-------+----------+-------------------------------------------
     0 | D:1      | sanka the Octopode Monk began the quest for the Orb.
     0 | D:1      | Reached XP level 1. HP: 16/16 MP: 1/1
   190 | D:1      | Reached XP level 2. HP: 21/21 MP: 2/2
   754 | D:2      | Reached XP level 3. HP: 26/26 MP: 3/3
   905 | D:2      | Noticed Natasha
   917 | D:2      | Killed Natasha
   968 | D:2      | Found a faded altar of an unknown god.
   993 | D:2      | Reached skill level 4 in Unarmed Combat
   993 | D:2      | Reached XP level 4. HP: 31/31 MP: 4/4
  1179 | D:2      | Noticed Sigmund
  1790 | D:3      | Reached XP level 5. HP: 32/37 MP: 5/5
  2097 | D:3      | HP: 3/37 [gnoll (6)]
  3024 | D:4      | Reached skill level 4 in Fighting
  3024 | D:4      | Reached skill level 4 in Dodging
  3134 | D:4      | Reached skill level 5 in Unarmed Combat
  3134 | D:4      | Reached XP level 6. HP: 43/43 MP: 6/6
  3607 | D:5      | Entered Level 5 of the Dungeon
  3786 | D:5      | Noticed a sky beast
  3836 | D:5      | Identified a scroll of acquirement
  3851 | D:5      | Noticed an acid dragon
  3941 | D:5      | Found a glowing drain.
  4040 | Sewer    | Entered a sewer
  4057 | Sewer    | Noticed Purgy
  4062 | Sewer    | Killed Purgy
  4063 | Sewer    | Reached XP level 7. HP: 29/49 MP: 7/7
  4356 | D:5      | Noticed Menkaure
  4395 | D:5      | Reached skill level 6 in Unarmed Combat
  5037 | D:6      | Noticed a steam dragon
  5043 | D:6      | Reached skill level 5 in Fighting
  5043 | D:6      | Reached skill level 5 in Dodging
  5051 | D:6      | Killed a steam dragon
  5052 | D:6      | Reached XP level 8. HP: 6/55 MP: 8/8
  5060 | D:6      | Reached skill level 7 in Unarmed Combat
  5061 | D:6      | HP: 5/55 [poisoned by a scorpion]
  5064 | D:6      | HP: 2/55 [poisoned by a scorpion]
  5527 | D:6      | Noticed Edmund
  5539 | D:6      | Killed Edmund
  5775 | D:6      | Slain by a phantom

Vanquished Creatures
  A steam dragon (D:6)
  Edmund (D:6)
  Purgy (Sewer)
  An ice beast (D:5)
  A necrophage (D:6)
  A phantom (D:5)
  A bullfrog (D:6)
  A scorpion (D:6)
  A water moccasin zombie (D:5)
  A water moccasin skeleton (D:5)
  A centaur skeleton (D:4)
  2 orc priests
  An iguana (D:4)
  Natasha (D:2)
  2 hound skeletons (D:4)
  5 adders
  4 gnolls
  A white imp (D:6)
  An ufetubus (D:6)
  An adder skeleton (D:4)
  2 dart slugs (D:5)
  6 orcs
  6 ball pythons
  6 bats
  7 endoplasms
  8 giant cockroaches
  2 goblins
  6 hobgoblins
  2 quokkas
  2 frilled lizards
  7 kobolds
  8 rats
91 creatures vanquished.
